 Dungeon Crawl Stone Soup version 0.16.2-3-ga078185 (webtiles) character file.

193 gorblad the Skirmisher (level 5, 0/34 HPs)
             Began as a Gargoyle Fighter on Sept 6, 2015.
             Killed from afar by an orc wizard (4 damage)
             ... with a magic dart
             ... on level 3 of the Dungeon.
             The game lasted 00:07:03 (2216 turns).

gorblad the Skirmisher (Gargoyle Fighter)           Turns: 2216, Time: 00:07:03

Health: 0/34       AC:  9    Str: 21    XL:     5   Next: 72%
Magic:  5/5        EV:  9    Int:  8    God:
Gold:   64         SH:  9    Dex:  9    Spells: 0 memorised, 4 levels left

rFire  . . .     SeeInvis .     a - +0 flail
rCold  . . .     Clarity  .     j - +0 ring mail
rNeg   + . .     SustAb   .     c - +0 shield
rPois  ∞         Gourm    .     (no helmet)
rElec  +         Spirit   .     (no cloak)
rCorr  .         Warding  .     (no gloves)
rMut   .         Stasis   .     (no boots)
MR     .....                    (no amulet)
Stlth  ..........               (no ring)
                                (no ring)

@: not resistant to hostile enchantments, extremely unstealthy
A: negative energy resistance 1, electricity resistance, unbreathing,
petrification resistance, rot immunity, AC +4
a: no special abilities


You were on level 3 of the Dungeon.
You were not hungry.

You visited 1 branch of the dungeon, and saw 3 of its levels.

You collected 64 gold pieces.

Inventory:

Hand weapons
 a - a +0 flail (weapon)
 p - a +0 flail
Armour
 b - a +0 scale mail
 c - a +0 shield (worn)
 j - a +0 ring mail (worn)
Magical devices
 o - a wand of digging (11)
Scrolls
 f - a scroll of enchant weapon {unknown}
 h - a scroll of teleportation {unknown}
 i - 2 scrolls of remove curse {unknown}
 k - a scroll of recharging {unknown}
 l - 3 scrolls of identify {unknown}
Potions
 e - 2 potions of might
 g - a potion of agility {unknown}
 m - a potion of restore abilities {unknown}
 n - 2 potions of heal wounds {unknown}
Comestibles
 d - 2 bread rations


   Skills:
 + Level 4.4 Fighting
 + Level 2.8 Maces & Flails
 + Level 4.1 Armour
 + Level 1.7 Dodging
 + Level 4.2 Shields


You had 4 spell levels left.
You didn't know any spells.

Dungeon Overview and Level Annotations

Branches:
Dungeon (3/15)

Altars:
Zin


Innate Abilities, Weirdness & Mutations

You are resistant to torment.
You are immune to poison.
Your stone body is very resilient (AC +4).
You resist negative energy.
You are resistant to electric shocks.
You can survive without breathing.
You are immune to petrification.
You are immune to rotting.


Message History

The kobold shouts!
The bat hits you but does no damage. The goblin hits you but does no damage.
Something hits you but does no damage.
The kobold moves out of view.
Something hits you.
* * * LOW HITPOINT WARNING * * *
The bat barely misses you. The goblin barely misses you.
A quokka comes into view.
You barely miss the goblin.
You feel less confused. You block the bat's attack.
The goblin barely misses you. Something hits you but does no damage.
You closely miss the goblin. The bat hits you but does no damage.
The goblin completely misses you. Something hits you but does no damage.
The goblin barely misses you.
You hit the goblin.
You kill the goblin!
You block the bat's attack.
You hear some strange, mumbled words.
The magic dart hits you!
You die...

... . .. #
...#. ## ##
....#.# .# ##.
...K..#.# ##..
..r... ##...
♣.♣g†#########
#...#
#...@........#
#.#.#
♣.♣b########.#
###.# #.
#.######.# ♣.
#.....[..# #.
##.#.##### ♣.
#.#.# .. #.#.#
# ## #.#.. ..
#.###


You could see a quokka, a goblin, a bat and a kobold.

Vanquished Creatures
  An orc priest (D:3)
  Ijyb (D:3)
  Jessica (D:2)
  4 adders
  4 gnolls (D:3)
  A giant mite (D:2)
  4 worms
  An orc (D:3)
  5 bats
  3 giant cockroaches
  3 goblins
  A hobgoblin (D:1)
  An ooze (D:1)
  3 kobolds (D:2)
  2 rats
  A bush (D:3)
  3 plants (D:3)
39 creatures vanquished.

Notes
Turn   | Place    | Note
--------------------------------------------------------------
     0 | D:1      | gorblad, the Gargoyle Fighter, began the quest for the Orb.
     0 | D:1      | Reached XP level 1. HP: 14/14 MP: 1/1
   404 | D:1      | You fall through a shaft!
   412 | D:2      | Noticed Jessica
   413 | D:2      | Reached XP level 2. HP: 19/19 MP: 2/2
   419 | D:2      | Killed Jessica
   419 | D:2      | Reached XP level 3. HP: 15/24 MP: 3/3
   426 | D:2      | Reached skill level 4 in Fighting
   918 | D:2      | Reached XP level 4. HP: 19/29 MP: 4/4
  1194 | D:2      | Found a glowing silver altar of Zin.
  1434 | D:3      | Reached skill level 1 in Dodging
  1451 | D:3      | Reached XP level 5. HP: 12/33 MP: 5/5
  1736 | D:3      | Noticed Ijyb
  1753 | D:3      | Killed Ijyb
  2216 | D:3      | Killed from afar by an orc wizard

Action                   |  1- 3 |  4- 6 || total
-------------------------+-------+-------++-------
Melee: Flail             |    69 |   278 ||   347
  Eat: Meat ration       |       |     1 ||     1
